 Dungeon Crawl Stone Soup version 0.30-a0-956-gcec3b41aec (webtiles) character file.

Game seed: 16020456722582937038

143 cheesebisquit the Firebug (level 5, -9/38 HPs)
             Began as a Draconian Fire Elementalist on Mar 30, 2023.
             Mangled by a gnoll
             ... wielding a +0 flail
              (10 damage)
             ... on level 2 of the Dungeon.
             The game lasted 00:08:17 (2227 turns).

cheesebisquit the Firebug (DrFE)                    Turns: 2227, Time: 00:08:17

Health: -9/38      AC:  7    Str: 11    XL:     5   Next: 4%
Magic:  6/9        EV: 12    Int: 17    God:
Gold:   192        SH:  0    Dex: 17    Spells: 9/10 levels left

rFire   . . .      SeeInvis .    j - +1 dagger (elec)
rCold   . . .      Faith    .    (no shield)
rNeg    . . .      Spirit   .    (body armour unavailable)
rPois   .          Reflect  .    (helmet restricted)
rElec   .          Rampage  .    f - +0 cloak
rCorr   .                        (no gloves)
Will    .....                    m - +0 pair of boots
Stlth   ++                       (no amulet)
HPRegen 0.26/turn                i - +6 ring of dexterity
MPRegen 0.11/turn                (no ring)

@: very slightly contaminated
A: AC +5, unfitting armour, cold-blooded
a: no special abilities


You were on level 2 of the Dungeon.
You visited 1 branch of the dungeon, and saw 3 of its levels.

You collected 192 gold pieces.

Inventory:

Hand Weapons
 e - a +1 whip of flaming
 j - a +1 dagger of electrocution (weapon)
Missiles
 l - 5 poisoned darts
Armour
 f - a +0 cloak (worn)
 m - a +0 pair of boots (worn)
Jewellery
 i - a +6 ring of dexterity (left hand)
Scrolls
 b - a scroll of poison {unknown}
 c - a scroll of magic mapping
 d - 2 scrolls of blinking {unknown}
 g - 2 scrolls of teleportation {unknown}
 h - a scroll of vulnerability {unknown}
 n - a scroll of amnesia {unknown}
Potions
 a - a potion of magic


   Skills:
 - Level 1.7 Dodging
 - Level 1.7 Stealth
 + Level 3.2 Spellcasting
 - Level 1.0 Conjurations
 * Level 5.0 Fire Magic


You had 9 spell levels left.
You knew the following spells:

 Your Spells              Type           Power      Damage    Failure   Level
a - Foxfire               Conj/Fire      52%        2x1d4     4%          1

Your spell library contained the following spells:

 Spells                   Type           Power      Damage    Failure   Level
 Scorch                   Fire           38%        2d7       3%          2
 Magic Dart               Conj           24%        1d4       12%         1
 Searing Ray              Conj           12%        2d4       17%         2
 Inner Flame              Hex/Fire       11%        N/A       19%         3
 Kindle Blastsparks       Fire/Tloc/Air  16%        2d11      26%         3
 Flame Wave               Conj/Fire      13%        2d6       43%         4
 Frozen Ramparts          Ice            4%         1d1       45%         3
 Fulminant Prism          Conj/Hex       2%         3d5       80%         4
 Ice Form                 Ice/Tmut       2%         N/A       86%         4
 Summon Ice Beast         Ice/Summ       2%         N/A       86%         4


Dungeon Overview and Level Annotations

Branches:
Dungeon (3/15)

Altars:
Ashenzari

Shops:
D:3 (

Annotations:
D:3 Sigmund


Innate Abilities, Weirdness & Mutations

Your plain brown scales are hard. (AC +5)
You cannot fit into any form of body armour.
You are cold-blooded and may be slowed by cold attacks.


Message History

The gnoll attacks as you move away! The gnoll hits you with a +0 whip.
* * * LOW HITPOINT WARNING * * *
Okay, then.
The gnoll attacks as you move away! The gnoll completely misses you.
You are too injured to fight recklessly!
Casting: Foxfire (safe; 4% risk of failure)
Press: ? - help, Q - select action, (/) - cycle Dir - look around, f - activate You miscast Foxfire.
You are very lightly contaminated with residual magic.
Nothing appears to happen.
Magical energy flows into your mind!
Casting: Foxfire (safe; 4% risk of failure)
Press: ? - help, Q - select action, (/) - cycle Dir - look around, f - activate You conjure some foxfire!
The gnoll barely misses you. The gnoll hits you with a +0 flail.
* * * LOW HITPOINT WARNING * * *
You hit the gnoll.
Your tail-slap misses the gnoll.
The gnoll is moderately wounded.
The foxfire hits the gnoll.
The gnoll is heavily wounded.
The gnoll barely misses you. The gnoll closely misses you.
Casting: Foxfire (safe; 4% risk of failure)
Press: ? - help, Q - select action, (/) - cycle Dir - look around, f - activate You conjure some foxfire!
The gnoll hits you with a +0 whip.
* * * LOW HITPOINT WARNING * * *
The gnoll barely misses you.
You hit the gnoll but do no damage.
The gnoll is heavily wounded.
The foxfire hits the gnoll.
The gnoll is severely wounded.
The gnoll hits you with a +0 flail.
* * * LOW HITPOINT WARNING * * *
The gnoll hits you but does no damage.
Casting: Foxfire (safe; 4% risk of failure)
Press: ? - help, Q - select action, (/) - cycle Dir - look around, f - activate You conjure some foxfire!
The gnoll hits you with a +0 whip.
* * * LOW HITPOINT WARNING * * *
The gnoll hits you with a +0 flail!
You die...

.......######.##)#..#####.#
.......# #.##.#..# #.#
.......# #.##.#..# #.#
.......# #.##.#..# #.#
.......# #.##.#..# #.#
.......######.##.#..# #.#
..........)##.##.#..# #.#
####.......##.##g########.#
#........##.##@g........#
#......[....##v##########
###........#####.#
..#........# #.#
..#........# #.#
..#........# #.#
..#.(......# #.#
..####.....# #.#
..####.....# #.#


You could see 2 gnolls.

Vanquished Creatures
  Natasha (D:2)
  3 adders (D:2)
  3 gnolls
  A worm (D:2)
  2 dart slugs (D:3)
  6 bats
  6 endoplasms
  4 giant cockroaches
  6 goblins
  6 hobgoblins
  3 kobolds
  2 quokkas (D:1)
  A ball python (D:2)
  3 frilled lizards
  5 rats
52 creatures vanquished.

Vanquished Creatures (others)
  151 foxfires
151 creatures vanquished.

Grand Total: 203 creatures vanquished

Notes
Turn   | Place    | Note
-------+----------+-------------------------------------------
     0 | D:1      | cheesebisquit the Draconian Fire Elementalist began the
                  | quest for the Orb.
     0 | D:1      | Reached XP level 1. HP: 14/14 MP: 3/3
   110 | D:1      | Reached XP level 2. HP: 20/20 MP: 1/5
   791 | D:2      | Found a broken altar of Ashenzari.
   801 | D:2      | Reached skill level 4 in Fire Magic
   801 | D:2      | Reached XP level 3. HP: 24/26 MP: 2/6
  1405 | D:2      | Reached XP level 4. HP: 33/33 MP: 3/8
  1956 | D:3      | Found Heum's Weapon Emporium.
  2103 | D:3      | Noticed Sigmund
  2155 | D:3      | Noticed Natasha
  2170 | D:2      | Killed Natasha
  2171 | D:2      | Reached skill level 5 in Fire Magic
  2213 | D:2      | Reached XP level 5. HP: 20/38 MP: 9/9
  2227 | D:2      | HP: 1/38 [gnoll/+0 whip (2)]
  2227 | D:2      | Mangled by a gnoll

Illustrated notes

Levels and vault maps discovered:
D:1:      dpeg_arrival_round_a, layout_rooms
D:2:      layout_basic, basic_altar
D:3:      layout_rooms, lemuel_doored_altar, serial_shops,
          nicolae_shop_bloodbath_and_beyond, kennysheep_path_1, hex_medium,
          minmay_box_of_dots, uniq_natasha, uniq_sigmund

Skill      XL: |  1  2  3  4 |
---------------+-------------+-----
Fire Magic     | 4 5 |  5.0
Spellcasting   | 3 |  3.2
Dodging        | |  1.7
Stealth        | |  1.7
Conjurations   | |  1.0

Action                     |  1- 3 |  4- 6 || total
---------------------------+-------+-------++-------
  Melee: Unarmed           |     5 |       ||     5
         Tailslap          |     2 |       ||     2
         Whip              |     3 |       ||     3
         Dagger            |     5 |     9 ||    14
   Cast: Foxfire           |    53 |    37 ||    90
    Use: Scroll            |       |     1 ||     1
         Potion            |       |     1 ||     1
 Armour: Skin              |     6 |    16 ||    22
  Dodge: Dodged            |    15 |    58 ||    73

Table legend: (Time is in decaauts)
 A = Elapsed time spent in this place.
 B = Non-inter-level travel time spent in this place.
 C = Inter-level travel time spent in this place.
 D = Time resting spent in this place.
 E = Time spent auto-exploring this place.
 F = Levels seen in this place.
 G = Mean time per level.
                   A        B        C        D        E       F      G
               +--------+--------+--------+--------+--------+-----+--------+
         Total |   2227 |   2063 |    164 |     84 |   1496 |   3 |  742.3 |
       Dungeon |   2227 |   2063 |    164 |     84 |   1496 |   3 |  742.3 |
               +--------+--------+--------+--------+--------+-----+--------+

Top non-repeatable levels by time:
     D:2: 1203 daAuts
     D:1: 714 daAuts
     D:3: 309 daAuts
